 Dungeon Crawl Stone Soup version 0.17.0-73-gb648821 (webtiles) character file.

60 Scarn the Skirmisher (level 4, -3/37 HPs)
             Began as a Formicid Abyssal Knight on Dec 10, 2015.
             Was a Believer of Lugonu.
             Killed from afar by an orc wizard (8 damage)
             ... with a puff of flame
             ... on level 3 of the Dungeon.
             The game lasted 00:16:47 (1849 turns).

Scarn the Skirmisher (Formicid Abyssal Knight)      Turns: 1849, Time: 00:16:49

Health: -3/37      AC:  7    Str: 22    XL:     4   Next: 24%
Magic:  5/5        EV: 10    Int: 12    God:    Lugonu [**....]
Gold:   160        SH:  0    Dex: 10    Spells: 0 memorised, 3 levels left

rFire  . . .     SeeInvis +     f - +0 short sword
rCold  . . .     Clarity  .     b - +0 scale mail
rNeg   . . .     SustAt   .     (no shield)
rPois  .         Gourm    .     (helmet unavailable)
rElec  .         Spirit   .     (no cloak)
rCorr  .         Warding  .     d - +0 pair of gloves
rMut   .         Stasis   +     (no boots)
MR     .....                    h - amulet of faith
Stlth  ..........               (no ring)
                                (no ring)

@: mighty, lethally poisoned (-3 -> -13), not resistant to hostile enchantments,
extremely unstealthy
A: permanent stasis, dig shafts and tunnels, four strong arms, antennae 3
a: Dig, Shaft Self, Depart the Abyss, Bend Space, Renounce Religion


You were on level 3 of the Dungeon.
You worshipped Lugonu.
Lugonu was pleased with you.
You were not hungry.

You visited 1 branch of the dungeon, and saw 3 of its levels.
You visited the Abyss 1 time.

You collected 160 gold pieces.

Inventory:

Hand Weapons
 f - a +0 short sword (weapon)
Missiles
 e - 39 stones (quivered)
 l - 41 arrows
 n - 14 poisoned bolts
 o - a throwing net
Armour
 b - a +0 scale mail (worn)
 d - a +0 pair of gloves (worn)
Jewellery
 h - an amulet of faith (around neck)
Scrolls
 j - a scroll of remove curse
Potions
 k - a potion of might
 q - a potion of poison
 r - a potion of haste {unknown}
Comestibles
 a - a bread ration
 g - 7 fruits
 m - 2 meat rations
 p - a slice of pizza


   Skills:
 + Level 4.1 Fighting
 + Level 0.2 Short Blades
 + Level 0.7 Throwing
 + Level 2.9 Armour
 + Level 1.2 Dodging
 + Level 2.2 Unarmed Combat
 + Level 2.4 Invocations


You had 3 spell levels left.
You didn't know any spells.

Dungeon Overview and Level Annotations

Branches:
Dungeon (3/15)

Altars:
Ashenzari
Fedhas


Innate Abilities, Weirdness & Mutations

You are under a permanent stasis effect.
You can dig through walls and to a lower floor.
Your four strong arms can wield two-handed weapons with a shield.
You have a pair of large antennae on your head (SInv).


Message History

* * * LOW HITPOINT WARNING * * *
The orc wizard points at you and mumbles some strange words.
You resist with some effort.
It was a potion of might.
You feel very mighty all of a sudden.
The orc wizard points at you and mumbles some strange words.
You resist with some effort.
You barely miss the orc wizard.
The orc wizard hits you but does no damage.
You miss the orc wizard.
The orc wizard hits you with a dagger of protection.
* * * LOW HITPOINT WARNING * * *
It was a potion of poison.
That liquid tasted very nasty...
You are lethally poisoned!
* * * LOW HITPOINT WARNING * * *
You feel sick. The orc wizard casts a spell at you. The puff of flame hits you!
You die...

# .# ######.# .#
####......#..####
#.(....####.....#
#...o......<....#
##....o....=......
#oo.o(#...........
#o###.########...#
#####@###.# ..#
#.......#.# .#
#.......#.#
#.......#.#
#.......#.###########
#?......'...........#
#.......#.#########.##
#########>......†.....
#######.###.#.


You could see an orc priest, an orc wizard and an orc.

Vanquished Creatures
  2 adders (D:2)
  A worm (D:3)
  2 giant geckos (D:1)
  2 orcs (D:3)
  2 bats
  4 giant cockroaches (D:1)
  6 hobgoblins
  2 jackals (D:1)
  2 ball pythons
  3 giant newts
  3 goblins (D:1)
  6 kobolds
  3 rats (D:1)
38 creatures vanquished.

Notes
Turn   | Place    | Note
--------------------------------------------------------------
     0 | Abyss:1  | Scarn the Formicid Abyssal Knight began the quest for the Orb.
     0 | Abyss:1  | Reached XP level 1. HP: 18/18 MP: 2/2
    16 | Abyss:1  | Found a corrupted altar of Lugonu.
    36 | D:1      | Escaped the Abyss
   154 | D:1      | Reached XP level 2. HP: 16/24 MP: 3/3
   283 | D:1      | Found a shattered altar of Ashenzari.
   457 | D:1      | Reached ** piety under Lugonu
   497 | D:1      | Reached XP level 3. HP: 30/30 MP: 4/4
   528 | D:1      | Reached skill level 1 in Dodging
  1276 | D:2      | Reached skill level 4 in Fighting
  1290 | D:2      | Found a blossoming altar of Fedhas.
  1515 | D:2      | Reached XP level 4. HP: 23/37 MP: 5/5
  1849 | D:3      | Killed from afar by an orc wizard

Action                   |  1- 3 |  4- 6 || total
-------------------------+-------+-------++-------
Melee: Unarmed           |    39 |       ||    39
       Short sword       |   113 |    63 ||   176
Throw: Stone             |    48 |    15 ||    63
  Use: Scroll            |     5 |     2 ||     7
       Potion            |     1 |     5 ||     6
  Eat: Bread ration      |     1 |       ||     1
